 Dungeon Crawl Stone Soup version 0.19.5 (webtiles) character file.

2510 raph the Slicer (level 9, -15/61 (62) HPs)
             Began as a Halfling Berserker on Mar 5, 2017.
             Was an Elder of Trog.
             Engulfed by a cloud of flame (18 damage)
             ... on level 8 of the Dungeon.
             The game lasted 00:18:17 (7248 turns).

raph the Slicer (Halfling Berserker)                Turns: 7248, Time: 00:18:17

HP:   -15/61 (62)   AC:  9    Str: 18    XL:     9   Next: 83%
MP:   9/9           EV: 18    Int:  5    God:    Trog [****..]
Gold: 400           SH:  0    Dex: 17    Spells: 0 memorised, 8 levels left

rFire  . . .     SeeInvis .     a - +1 short sword (drain)
rCold  + . .     Gourm    .     C - +2 leather armour {rPois}
rNeg   . . .     Faith    .     (shield restricted)
rPois  +         Spirit   .     (no helmet)
rElec  .         Reflect  .     (no cloak)
rCorr  .         Harm     .     r - +1 pair of gloves
MR     .....                    q - +0 pair of boots
Stlth  +++.......               (no amulet)
                                (no ring)
                                z - ring of protection from cold

@: no status effects
A: mutation resistance 1
a: Berserk, Trog's Hand, Brothers in Arms, Burn Spellbooks, Renounce Religion


You were on level 8 of the Dungeon.
You worshipped Trog.
Trog was greatly pleased with you.
You were not hungry.

You visited 1 branch of the dungeon, and saw 8 of its levels.

You collected 400 gold pieces.

Inventory:

Hand Weapons
 a - a +1 short sword of draining (weapon)
 g - a +0 rapier
 j - a +0 short sword
 t - a +1 dagger of flaming
Armour
 q - a +0 pair of boots (worn)
 r - a +1 pair of gloves (worn)
 C - a +2 leather armour of poison resistance (worn)
Jewellery
 z - a ring of protection from cold (left hand)
Wands
 k - a wand of flame (44/48)
 o - a wand of slowing (18/48)
 D - a wand of slowing (10/48)
 E - a wand of iceblast (2/15)
 K - a wand of confusion (15/48)
Scrolls
 l - 3 scrolls of remove curse
 u - 3 scrolls of teleportation
 v - a scroll of identify
 I - a scroll of magic mapping
Potions
 d - a potion of might
 e - 2 potions of resistance
 h - a potion of magic
 p - 2 potions of ambrosia
 s - 4 potions of heal wounds
 w - 5 potions of curing
 x - a potion of flight
 A - 2 potions of haste {unknown}
 B - a potion of mutation {unknown}
 F - a potion of invisibility {unknown}
Books
 m - a book of Minor Magic

   Spells                             Type                      Level
   a - Magic Dart                     Conjuration                  1
   b - Blink                          Translocation                2
   c - Call Imp                       Summoning                    2
   d - Repel Missiles                 Charms/Air                   2
   e - Slow                           Hexes                        2
   f - Conjure Flame                  Conjuration/Fire             3
   g - Mephitic Cloud                 Conjuration/Poison/Air       3
   Trog disapproves of the use of such an item.
Comestibles
 b - 18 fruits
 c - 7 bread rations
 f - 4 meat rations
 i - a slice of pizza
 G - 9 chunks of flesh


   Skills:
 + Level 5.7 Fighting
 * Level 9.6 Short Blades
 + Level 6.1 Armour
 + Level 6.0 Dodging
 + Level 4.7 Stealth


You had 8 spell levels left.
You didn't know any spells.

Dungeon Overview and Level Annotations

Branches:
Dungeon (8/15)             Temple (0/1) D:5
   Lair: D:8-11

Altars:
Hepliaklqana
Xom

Shops:
D:6 (


Innate Abilities, Weirdness & Mutations

You are small and have problems with some larger weapons.
You are somewhat resistant to further mutation.


Message History

The necrophage is almost destroyed.
The necrophage hits you.
You hit the necrophage.
You destroy the necrophage!
Trog accepts your kill.
You see here an orc corpse.
You butcher the orc corpse.
G - 9 chunks of flesh (gained 2)
You start resting.
HP restored.
Really walk into a travel-excluded area? [Y]es or [N]o only, please.
Really walk into a travel-excluded area?
Found 2 potions of curing.
You are engulfed in roaring flames.
You are engulfed in roaring flames.
You are engulfed in roaring flames.
* * * LOW HITPOINT WARNING * * *
You are engulfed in roaring flames.
You die...

.... #... ######..#
#.......# #.......#
# ........# §#
.......†# §§#
.......†#####...###
#........§§@.....§§
#######..§§§.$...§§
#..§§§...!.§§
#)#####...### #.#
#§§§# ##.# #§§§#
#..# #§§§#
#..#####...#####.
#..........#....^


There were no monsters in sight!

Vanquished Creatures
  Grinder (D:6)
  Sigmund (D:5)
  A water moccasin (D:4)
  Duvessa (D:6)
  2 sky beasts
  A necrophage (D:8)
  2 ogres
  A phantom (D:5)
  2 centaurs
  A big kobold (D:7)
  2 bullfrogs (D:6)
  Dowan (D:6)
  3 wights (D:6)
  A jelly (D:6)
  3 howler monkeys
  A crimson imp (D:5)
  2 orc priests
  5 hounds
  2 iguanas
  2 orc wizards (D:6)
  7 worker ants
  A hound skeleton (D:4)
  A worker ant zombie (D:5)
  A howler monkey zombie (D:5)
  9 adders (D:2)
  A worm (D:4)
  An adder skeleton (D:4)
  2 dart slugs
  5 leopard geckos
  12 orcs
  7 ball pythons
  2 giant cockroaches
  6 goblins
  9 hobgoblins
  14 jackals
  12 kobolds
  2 quokkas (D:7)
  5 bats
  8 frilled lizards
  A leopard gecko skeleton (D:4)
  A quokka skeleton (D:5)
  11 rats
153 creatures vanquished.

Vanquished Creatures (others)
  An orc (D:8)
1 creature vanquished.

Grand Total: 154 creatures vanquished

Notes
Turn   | Place    | Note
-------+----------+-------------------------------------------
     0 | D:1      | raph the Halfling Berserker began the quest for the Orb.
     0 | D:1      | Reached XP level 1. HP: 15/15 MP: 1/1
   104 | D:1      | Reached XP level 2. HP: 11/20 MP: 2/2
   322 | D:1      | Reached skill level 4 in Short Blades
   746 | D:1      | Reached XP level 3. HP: 24/25 MP: 3/3
  1409 | D:2      | Reached ** piety under Trog
  1456 | D:2      | Reached XP level 4. HP: 31/31 MP: 4/4
  1867 | D:2      | Reached XP level 5. HP: 36/36 MP: 5/5
  2093 | D:2      | Reached skill level 5 in Short Blades
  2641 | D:3      | Reached *** piety under Trog
  2942 | D:4      | Noticed a water moccasin
  2968 | D:4      | Killed a water moccasin
  2968 | D:4      | Reached XP level 6. HP: 25/43 MP: 6/6
  3557 | D:4      | Reached skill level 6 in Short Blades
  3565 | D:5      | Entered Level 5 of the Dungeon
  3656 | D:5      | Noticed Sigmund
  3707 | D:5      | Killed Sigmund
  3707 | D:5      | Reached skill level 1 in Stealth
  3707 | D:5      | Reached XP level 7. HP: 21/48 MP: 7/7
  3794 | D:5      | Found a staircase to the Ecumenical Temple.
  3934 | D:5      | Found a hazy altar of Hepliaklqana.
  3986 | D:5      | Reached skill level 7 in Short Blades
  3986 | D:5      | Reached XP level 8. HP: 32/54 MP: 8/8
  4778 | D:6      | Noticed Grinder
  4789 | D:6      | Paralysed by Grinder for 5 turns
  4820 | D:6      | Killed Grinder
  4820 | D:6      | Reached skill level 5 in Armour
  4925 | D:6      | Found a shimmering altar of Xom.
  5067 | D:6      | Noticed Duvessa
  5067 | D:6      | Noticed Dowan
  5085 | D:6      | Killed Dowan
  5085 | D:6      | Reached skill level 8 in Short Blades
  5085 | D:6      | Reached skill level 5 in Dodging
  5092 | D:6      | Killed Duvessa
  5092 | D:6      | Reached skill level 5 in Fighting
  5092 | D:6      | Reached XP level 9. HP: 51/61 MP: 9/9
  5744 | D:6      | Reached **** piety under Trog
  5830 | D:6      | Found Pyenoq's Weapon Boutique.
  5902 | D:6      | Reached skill level 9 in Short Blades
  7247 | D:8      | HP: 3/61 [something (16)]
  7248 | D:8      | Engulfed by a cloud of flame

Skill      XL: |  1  2  3  4  5  6  7  8  9 |
---------------+----------------------------+-----
Short Blades   | 4 5 6 7 8 9 |  9.6
Fighting       | 3 4 5 |  5.7
Armour         | 3 4 5 6 |  6.1
Dodging        | 3 4 5 6 |  6.0
Stealth        | 1 2 3 4 |  4.7

Action                   |  1- 3 |  4- 6 |  7- 9 || total
-------------------------+-------+-------+-------++-------
Melee: Short sword       |    87 |   153 |   316 ||   556
Invok: Berserk           |     2 |     2 |     7 ||    11
       Trog's Hand       |       |     1 |     1 ||     2
  Use: Scroll            |       |       |    19 ||    19
 Stab: Sleeping          |     1 |       |     4 ||     5
       Distracted        |       |       |     1 ||     1
  Eat: Chunk             |     3 |     9 |    13 ||    25
       Meat ration       |       |       |     1 ||     1
       Pizza             |       |       |     1 ||     1
Armor: Animal skin       |    16 |       |       ||    16
       Chain mail        |     8 |    44 |       ||    52
       Leather armour    |       |    10 |    50 ||    60
Dodge: Dodged            |    62 |    79 |   180 ||   321
